 Dungeon Crawl Stone Soup version 0.27-a0-972-gd1521fd518 (webtiles) character file.

Game seed: 17717607396905759167

69522 DarkShadow the Warrior (level 14, -16/144 HPs)
             Began as a Minotaur Fighter on Apr 12, 2021.
             Was an Initiate of Gozag.
             Killed from afar by a tengu reaver (26 damage)
             ... with a bolt of acid
             ... on level 13 of the Dungeon on Apr 13, 2021.
             The game lasted 01:23:41 (26460 turns).

DarkShadow the Warrior (Minotaur Fighter)          Turns: 26460, Time: 01:23:42

Health: -16/144    AC: 31    Str: 26    XL:     14   Next: 90%
Magic:  13/13      EV:  9    Int:  9    God:    Gozag
Gold:   3998       SH: 17    Dex: 16    Spells: 13/13 levels left

rFire    . . .     SeeInvis .   N - +4 double sword (holy)
rCold    . . .     Faith    .   O - +2 kite shield
rNeg     . . .     Spirit   .   w - +3 chain mail {Will+}
rPois    +         Reflect  .   (helmet restricted)
rElec    +         Harm     .   R - +0 cloak
rCorr    .         Rampage  .   e - +2 pair of gloves {Dex+3}
Will     +++..     Rnd*Rage +   h - +0 pair of boots "Gaxkitt" {rPois Str+3 Int+4 Dex+2}
Stlth    ..........             j - amulet of the acrobat
HPRegen  0.34/turn              y - ring of willpower
MPRegen  0.13/turn              c - ring of the Tortoise {AC+8}

@: mighty, about to teleport, gold aura, studying 2 skills
A: horns 2, retaliatory headbutt, berserk 1, electricity resistance, weak 1,
MP-powered wands
a: Renounce Religion, Potion Petition, Call Merchant, Bribe Branch


You were on level 13 of the Dungeon.
You worshipped Gozag.
Gozag was most pleased with you.
You visited 2 branches of the dungeon, and saw 16 of its levels.

You collected 4090 gold pieces.
You paid 92 gold pieces to Gozag.

Inventory:

Hand Weapons
 d - the +11 short sword "Hell-Harrower" {flame, Str+2}
   (You found it on level 13 of the Dungeon)

   It has been specially enchanted to burn those struck by it, causing extra
   injury to most foes and up to half again as much damage against particularly
   susceptible opponents.
   It affects your strength (+2).
 k - a +4 vorpal long sword
 K - a +4 scimitar of flaming
 N - a +4 double sword of holy wrath (weapon)
Missiles
 i - 4 atropa-tipped darts
 n - 5 throwing nets
 J - 5 curare-tipped darts
Armour
 e - a +2 pair of gloves of dexterity (worn)
 h - the +0 pair of boots "Gaxkitt" (worn) {rPois Str+3 Int+4 Dex+2}
   (You acquired it on level 3 of the Dungeon)

   It affects your strength (+3).
   It affects your intelligence (+4).
   It affects your dexterity (+2).
   It protects you from poison.
 w - a +3 chain mail of willpower (worn)
 O - a +2 kite shield (worn)
 R - a +0 cloak (worn)
Jewellery
 a - a +4 ring of protection
 c - the ring of the Tortoise (right hand) {AC+8}
   (You found it on level 13 of the Dungeon)

   [ring of protection]

   It affects your AC (+8).
 j - an amulet of the acrobat (around neck)
 y - a ring of willpower (left hand)
 A - a +6 ring of strength
 E - a ring of see invisible
 L - a +6 ring of intelligence
Wands
 g - a wand of polymorph (35)
 m - a wand of digging (6)
 s - a wand of charming (2)
 t - a wand of flame (53)
 u - a wand of iceblast (25)
 x - a wand of mindburst (12)
 D - a wand of paralysis (26)
 S - a wand of acid (10)
Scrolls
 p - a scroll of vulnerability
 r - 4 scrolls of teleportation
 z - a scroll of immolation
 B - a scroll of identify
 G - a scroll of fear
 I - a scroll of fog
 Q - 3 scrolls of amnesia
 X - a scroll of holy word
Potions
 b - a potion of attraction
 f - a potion of brilliance
 o - 3 potions of resistance
 q - 3 potions of berserk rage
 F - a potion of ambrosia
 V - a potion of might
 W - 3 potions of lignification
Miscellaneous
 C - a box of beasts (quivered)
 T - a piece from Xom's chessboard (15/15)


   Skills:
 + Level 18.3 Fighting
 + Level 16.8 Long Blades
 + Level 15.0 Armour
 + Level 16.4 Shields


You had 13 spell levels left.
You didn't know any spells.
Your spell library contained the following spells:

 Spells                   Type           Power      Damage    Failure   Level
 Beastly Appendage        Tmut           0%         N/A       83%         1
 Foxfire                  Conj/Fire      0%         2x1d4     83%         1
 Shock                    Conj/Air       0%         1d3       83%         1
 Summon Small Mammal      Summ           0%         N/A       83%         1
 Call Imp                 Summ           0%         N/A       93%         2
 Corpse Rot               Necr/Air       N/A        N/A       93%         2
 Swiftness                Air            0%         N/A       93%         2
 Wereblood                Tmut           0%         N/A       93%         2
 Call Canine Familiar     Summ           0%         N/A       99%         3
 Conjure Flame            Conj/Fire      0%         6-21      99%         3
 Inner Flame              Hex/Fire       0%         N/A       99%         3
 Spider Form              Tmut/Pois      0%         N/A       99%         3
 Static Discharge         Conj/Air       0%         N/A       99%         3
 Summon Guardian Golem    Hex/Summ       0%         N/A       99%         3
 Airstrike                Air            0%         N/A       100%        4
 Animate Dead             Necr           0%         N/A       100%        4
 Ice Form                 Ice/Tmut       0%         N/A       100%        4
 Sticky Flame             Conj/Fire      0%         2d3       100%        4
 Summon Ice Beast         Ice/Summ       0%         N/A       100%        4
 Summon Lightning Spire   Summ/Air       0%         N/A       100%        4
 Fireball                 Conj/Fire      0%         3d3       100%        5
 Hydra Form               Tmut           0%         N/A       100%        5
 Lightning Bolt           Conj/Air       0%         1d11      100%        5


Dungeon Overview and Level Annotations

Branches:
Dungeon (15/15)            Temple (1/1) D:6            Lair (0/6) D:9
    Orc (0/2) D:12         Vaults (0/5) D:14         Depths (0/5) D:15

Altars:
Ashenzari
Cheibriados
Dithmenos
Elyvilon
Fedhas
Gozag
Hepliaklqana
Kikubaaqudgha
Makhleb
Nemelex Xobeh
Okawaru
Qazlal
Ru
Sif Muna
Trog
Uskayaw
Vehumet
Wu Jian
Xom
Yredelemnul
Zin
The Shining One
Lugonu

Shops:
D:6 (

Portals:
Trove: D:11 (give +2 gold dragon scales)


Innate Abilities, Weirdness & Mutations

You have a pair of horns on your head.
You reflexively headbutt those who attack you in melee.
You tend to lose your temper in combat.
You are resistant to electric shocks. (rElec)
You are weak. (Str -2)
You expend magic power (3 MP) to strengthen your wands.


Message History

You slash the sphinx! You headbutt the sphinx!
The sphinx is moderately wounded.
You slice the sphinx!!
The sphinx is severely wounded.
You hear a shout!
The sphinx casts a spell.
The sphinx is healed somewhat.
You slice the sphinx!!
The sphinx is severely wounded.
The deep elf high priest is no longer distracted by gold.
The sphinx hits you!
* * * LOW HITPOINT WARNING * * *
The sphinx hits you but does no damage. x2
You slice the sphinx!!
You kill the sphinx!
The tengu reaver casts a spell at you. The bolt of lightning hits you!
You resist.
* * * LOW HITPOINT WARNING * * *
Your Armour skill increases to level 15!
You block the tengu reaver's attack. x2
The tengu reaver claws you but does no damage.
You slice the tengu reaver!!
You headbutt the tengu reaver, but do no damage.
The tengu reaver is moderately wounded.
You slice the tengu reaver!!
The tengu reaver is severely wounded.
The tengu reaver hits you with a +4 flail of venom!
* * * LOW HITPOINT WARNING * * *
The tengu reaver pecks you but does no damage.
You block the tengu reaver's attack.
Okay, then.
As you read the scroll of teleportation, it crumbles to dust.
You feel strangely unstable. You block the tengu reaver's attack.
The tengu reaver barely misses you. You block the tengu reaver's attack.
You slash the tengu reaver! Your headbutt misses the tengu reaver.
The tengu reaver is severely wounded.
The tengu reaver points at you and mumbles some strange words.
The bolt of acid hits you!!
You die...
Your body crumbles into a pile of gold.

.......# .......# #########
.......# ##........ .......#
#########..####### .......##
##.........## ........#
##.......####
#####.#.######......#### #
...............######w}## #####
#####..........#@QQ##Cw.#####....
###.#####..#.##C#ew)#........
#..## #..#.###$####.##..... ###
##..###((##.###.##..##..... ..##
##.#.<((#...###.#.##.....# #..##
#...##...#..##.#.##..#.##
##(.#####..###.#...#...#.#..#..#
###........###[#########.......##
............................##..#


You could see a fire giant, 2 tengu reavers, a torpor snail shaped shifter and a
deep elf high priest.

Vanquished Creatures
  A sphinx (D:13)
  A frost giant (D:13)
  A stone giant (D:15)
  A fire dragon (D:15)
  Harold (D:7)
  Erolcha (D:11)
  5 hydras
  3 rakshasas
  2 boulder beetles
  10 centaur warriors
  3 catoblepae
  2 death knights
  Erica (D:11)
  3 tengu warriors
  6 two-headed ogres
  Nergalle (D:10)
  A sea snake (shapeshifter) (D:13)
  A wizard (D:15)
  3 necromancers (D:14)
  An orc knight (D:13)
  6 deep elf pyromancers
  3 wolf spiders
  Pikel (D:8)
  3 cyclopes
  5 manticores
  13 ugly things
  A moth of wrath (D:15)
  A guardian serpent (shapeshifter) (D:15)
  Maurice (D:13)
  Maggie (D:10)
  4 gargoyles
  4 kobold demonologists
  3 efreet (D:12)
  A freezing wraith (D:12)
  A komodo dragon (D:12)
  A tengu conjurer (D:13)
  6 trolls
  A meliai (D:13)
  A polar bear (D:10)
  Prince Ribbit (D:7)
  11 slime creatures
  A raiju (shapeshifter) (D:13)
  A hornet (D:9)
  2 wraiths
  2 shadows
  3 centaur simulacra (D:10)
  15 yaks
  2 wyverns
  A vampire (D:12)
  4 basilisks
  2 steam dragons
  6 vampire mosquitoes
  6 acid dragons
  Duvessa (D:5)
  5 water moccasins
  7 orc warriors
  2 sky beasts
  3 ice beasts
  4 black bears
  6 ogres
  4 boggarts (D:12)
  A necrophage (D:6)
  23 centaurs
  2 wolves
  A lemure (D:8)
  7 kobold brigands
  5 gnoll sergeants (D:12)
  Blork the orc (D:6)
  A scorpion (D:9)
  6 bullfrogs
  A bullfrog (shapeshifter) (D:12)
  Dowan (D:5)
  A water moccasin zombie (D:5)
  20 killer bees
  6 wights (D:8)
  An electric eel (D:11)
  5 centaur zombies
  A bullfrog zombie (D:5)
  7 orc priests
  A hound (D:4)
  A centaur skeleton (D:7)
  A bullfrog skeleton (D:5)
  An iron imp (D:10)
  An iguana (D:5)
  Ijyb (D:3)
  12 orc wizards
  A howler monkey zombie (D:10)
  3 gnolls (D:12)
  A howler monkey skeleton (D:7)
  5 adders
  5 white imps
  A howler monkey simulacrum (D:10)
  2 ufetubi (D:10)
  An adder skeleton (D:5)
  5 worms
  2 dart slugs (D:1)
  54 orcs
  3 bats
  4 endoplasms
  5 giant cockroaches
  11 goblins
  6 hobgoblins
  10 jackals
  10 kobolds
  5 quokkas
  2 ball pythons (D:2)
  4 frilled lizards
  A quokka skeleton (D:4)
  6 rats
449 creatures vanquished.

Vanquished Creatures (collateral kills)
  A tengu reaver (D:13)
1 creature vanquished.

Vanquished Creatures (others)
  An orc wizard (D:5)
  54 fungi (D:9)
  59 plants
114 creatures vanquished.

Grand Total: 564 creatures vanquished

Notes
Turn   | Place    | Note
-------+----------+-------------------------------------------
     0 | D:1      | DarkShadow the Minotaur Fighter began the quest for the
                  | Orb.
     0 | D:1      | Reached XP level 1. HP: 19/19 MP: 0/0
    66 | D:1      | Found a faded altar of an unknown god.
    72 | D:1      | Reached XP level 2. HP: 26/27 MP: 1/1
   189 | D:1      | Reached skill level 4 in Fighting
   365 | D:1      | Reached XP level 3. HP: 26/33 MP: 2/2
  1189 | D:2      | Identified a scroll of acquirement
  1189 | D:2      | Acquired a +1 pair of gloves of dexterity
  1326 | D:3      | Reached XP level 4. HP: 34/41 MP: 3/3
  1386 | D:3      | Noticed Ijyb
  1400 | D:3      | Killed Ijyb
  1721 | D:3      | Acquired the +0 pair of boots "Gaxkitt" {rPois Str+3 Int+4
                  | Dex+2}
  2097 | D:4      | Noticed a kobold brigand
  2101 | D:4      | Reached XP level 5. HP: 47/47 MP: 4/4
  2115 | D:4      | Reached skill level 5 in Armour
  2245 | D:4      | Identified the +1 robe of Hairiness {+Blink}
  2378 | D:4      | Reached skill level 5 in Long Blades
  2378 | D:4      | Reached XP level 6. HP: 47/53 MP: 5/5
  2793 | D:5      | Entered Level 5 of the Dungeon
  3181 | D:5      | Reached skill level 5 in Shields
  3335 | D:5      | Noticed Duvessa
  3336 | D:5      | Noticed Dowan
  3337 | D:5      | Noticed a water moccasin
  3341 | D:5      | Killed Duvessa
  3342 | D:5      | Reached XP level 7. HP: 60/60 MP: 6/6
  3344 | D:5      | Killed Dowan
  3469 | D:5      | Reached skill level 5 in Fighting
  3605 | D:5      | Reached XP level 8. HP: 63/68 MP: 7/7
  3728 | D:5      | Noticed a two-headed ogre
  4369 | D:5      | Killed a two-headed ogre
  4370 | D:5      | Reached skill level 7 in Fighting
  4591 | D:5      | Gained mutation: You are weak. (Str -2) [potion of
                  | mutation]
  4591 | D:5      | Gained mutation: You are resistant to electric shocks.
                  | (rElec) [potion of mutation]
  4591 | D:5      | Gained mutation: You tend to lose your temper in combat.
                  | [potion of mutation]
  4591 | D:5      | Gained mutation: You expend magic power (3 MP) to
                  | strengthen your wands. [potion of mutation]
  4667 | D:6      | Found a staircase to the Ecumenical Temple.
  4676 | Temple   | Entered the Ecumenical Temple
  4927 | D:6      | Noticed Blork the orc
  4930 | D:6      | Reached XP level 9. HP: 44/79 MP: 8/8
  4939 | D:6      | Killed Blork the orc
  5255 | D:6      | Found a basalt altar of Yredelemnul.
  5255 | D:6      | Found a burning altar of Makhleb.
  5263 | D:6      | Found a broken altar of Ashenzari.
  5266 | D:6      | Found an iron altar of Okawaru.
  5268 | D:6      | Found a shimmering altar of Xom.
  5327 | D:6      | Found Byemiappodgh's Weapon Boutique.
  5494 | D:6      | Found an opulent altar of Gozag.
  5499 | D:6      | Became a worshipper of Gozag Ym Sagoz the Greedy
  5614 | D:6      | Reached skill level 10 in Long Blades
  6002 | D:7      | Reached skill level 8 in Fighting
  6362 | D:7      | Noticed Prince Ribbit
  6407 | D:7      | Noticed Harold
  6754 | D:7      | Killed Harold
  6755 | D:7      | Reached skill level 9 in Fighting
  7044 | D:7      | Killed Prince Ribbit
  7045 | D:7      | Reached XP level 10. HP: 76/91 MP: 9/9
  7494 | D:7      | Found a white marble altar of Elyvilon.
  7495 | D:7      | Found a glowing silver altar of Zin.
  7498 | D:7      | Found a glowing golden altar of the Shining One.
  7559 | D:7      | Found a sparkling altar of Nemelex Xobeh.
  8065 | D:8      | Noticed Pikel
  8078 | D:8      | Killed Pikel
  8144 | D:8      | Noticed a two-headed ogre
  8151 | D:8      | Killed a two-headed ogre
  8152 | D:8      | Reached skill level 10 in Fighting
  8187 | D:8      | Reached skill level 10 in Armour
  8429 | D:8      | Identified the +2 pair of gloves of Recklessness {Will+
                  | Regen+}
  8531 | D:8      | Noticed a centaur warrior
  8531 | D:8      | Noticed a centaur warrior
  8531 | D:8      | Noticed an eight-headed hydra
  8536 | D:8      | Noticed a rust devil
  8733 | D:8      | Killed a centaur warrior
  8947 | D:8      | Killed a centaur warrior
  8983 | D:8      | Reached skill level 10 in Shields
  9052 | D:8      | Reached skill level 11 in Fighting
  9623 | D:8      | Reached XP level 11. HP: 100/102 MP: 10/10
  9640 | D:8      | Noticed a sun demon
  9652 | D:8      | Killed a 13-headed hydra
 10814 | D:9      | Reached skill level 12 in Fighting
 11469 | D:9      | Found a staircase to the Lair.
 11962 | D:10     | Entered Level 10 of the Dungeon
 12206 | D:10     | Noticed Nergalle
 12216 | D:10     | Killed Nergalle
 12256 | D:10     | Noticed Maggie
 12291 | D:10     | Killed Maggie
 12292 | D:10     | Reached skill level 13 in Fighting
 12376 | D:10     | Found a snail-covered altar of Cheibriados.
 12631 | D:10     | Reached XP level 12. HP: 115/115 MP: 11/11
 13271 | D:11     | Noticed a six-headed hydra
 13333 | D:10     | Killed a 13-headed hydra
 13887 | D:11     | Noticed a tengu warrior
 13887 | D:11     | Noticed a centaur warrior
 13887 | D:11     | Noticed an eight-headed hydra
 13888 | D:11     | Noticed a centaur warrior
 14021 | D:11     | Killed a ten-headed hydra
 14022 | D:11     | Reached skill level 14 in Fighting
 14128 | D:11     | Noticed Erolcha
 14155 | D:11     | Killed Erolcha
 14458 | D:11     | Killed a tengu warrior
 14463 | D:11     | Killed a centaur warrior
 14653 | D:11     | Killed a centaur warrior
 14691 | D:11     | Noticed a two-headed ogre
 14700 | D:11     | Killed a two-headed ogre
 14701 | D:11     | Reached skill level 15 in Fighting
 14746 | D:11     | Found a portal to a secret trove of treasure.
 14761 | D:11     | Noticed Erica
 14771 | D:11     | Killed Erica
 15441 | D:12     | Noticed a two-headed ogre
 15459 | D:12     | Killed a two-headed ogre
 15589 | D:12     | Reached XP level 13. HP: 127/127 MP: 12/12
 16666 | D:12     | Acquired a +4 double sword of holy wrath
 17283 | D:12     | Found a staircase to the Orcish Mines.
 17332 | D:12     | Reached skill level 15 in Long Blades
 17389 | D:12     | Reached skill level 16 in Fighting
 17756 | D:13     | Noticed Maurice
 18395 | D:13     | Found the ring of the Tortoise {AC+8}
 18395 | D:13     | Noticed a tengu reaver
 18457 | D:13     | Found a runed translucent door.
 18858 | D:13     | Killed Maurice
 18870 | D:13     | Upgraded the game from 0.27-a0-955-gb57c80000f to
                  | 0.27-a0-972-gd1521fd518
 19195 | D:13     | Noticed a fire giant
 19195 | D:13     | Noticed a tengu reaver
 19195 | D:13     | Noticed a frost giant
 19196 | D:13     | Found a runed translucent door.
 19228 | D:13     | Found a corrupted altar of Lugonu.
 19256 | D:13     | Reached skill level 15 in Shields
 19446 | D:13     | Identified Lugonu's Disquisition on Sinister Rituals
 19574 | D:13     | Noticed an ettin
 19602 | D:13     | an ettin changed into a sea snake
 19755 | D:13     | Identified the +8 plate armour of Grace {+Blink SInv}
 19755 | D:13     | Noticed a fire giant
 19758 | D:13     | Noticed a fenstrider witch
 19758 | D:13     | Noticed a sphinx
 19758 | D:13     | Noticed a tengu reaver
 19957 | D:15     | Entered Level 15 of the Dungeon
 20304 | D:14     | Reached XP level 14. HP: 121/133 MP: 13/13
 20304 | D:14     | Found a gate to the Vaults.
 23245 | D:14     | Identified the +0 leather armour of the Sea {rPois Regen+}
 23938 | D:15     | Reached skill level 17 in Fighting
 24989 | D:15     | Found a staircase to the Depths.
 24989 | D:15     | Noticed a stone giant
 25000 | D:15     | Killed a stone giant
 25204 | D:15     | Found a bloodstained altar of Trog.
 25302 | D:15     | Identified the +8 trident "Uji Gietaody" {flame, rN+++
                  | Str+5 Int-2}
 25905 | D:13     | Killed a tengu reaver
 25912 | D:13     | Reached skill level 18 in Fighting
 26325 | D:13     | Identified the +11 short sword "Hell-Harrower" {flame,
                  | Str+2}
 26440 | D:13     | Killed a frost giant
 26453 | D:13     | Killed a sphinx
 26454 | D:13     | Reached skill level 15 in Armour
 26460 | D:13     | Killed from afar by a tengu reaver

Illustrated notes

Levels and vault maps discovered:
D:1:      lemuel_arrival_muddy, layout_rooms,
          hellmonk_ecumenical_altar_arch_garden
D:2:      layout_rooms, minmay_misc_feat_alley, minivault_24
D:3:      kennysheep_big_flooded_room, layout_rooms, serial_glass,
          glass_columns_c, glass_columns_b, uniq_ijyb
D:4:      layout_loops_ring
D:5:      black_bear_nest_1, layout_basic, minmay_manual_moon, uniq_menkaure,
          uniq_duvessa
D:6:      layout_loops_ring, marbit_many_paths,
          chequers_temple_overflow_minitemple, minmay_temple_entry_tees,
          serial_shops, nicolae_shop_stone, hangedman_abyss_or_decor_passed,
          minmay_ogre_servants, uniq_blork_the_orc
D:7:      layout_layer_cave, good_gods_temple_1, general_overflow_altar,
          uniq_harold, uniq_prince_ribbit1
D:8:      minmay_the_grid_octo_tiled_octocenter
          [minmay_the_grid_octo_concentric, minmay_the_grid_octo_horde,
          minmay_the_grid_octo_checkered, minmay_the_grid_octo_chip,
          minmay_the_grid_octo_prize_big_c,
          minmay_the_grid_square_5x5_hollow_slash,
          minmay_the_grid_square_5x5_percent,
          minmay_the_grid_square_5x5_checkered_statues,
          minmay_the_grid_square_5x5_shuriken], layout_basic, uniq_pikel
D:9:      layout_loops_ring, due_lair_maze_entry_diamond
D:10:     layout_basic, slow_altar_1, serial_ice, serial_ice_m, serial_ice_c,
          serial_ice_l, serial_ice_e, serial_ice_g, serial_ice_f, serial_ice_b,
          uniq_nergalle, uniq_maggie
D:11:     nzn_winding_woodlands_small
          [nzn_winding_woodlands_5x15_river_crossing,
          nzn_winding_woodlands_center_triple_pond,
          nzn_winding_woodlands_5x15_twine], layout_loops_ring, enter_trove_1,
          blue_anna_alchemist [blue_anna_fruit_fields, blue_anna_fruit_fields],
          uniq_erolcha, uniq_erica
D:12:     layout_roguey, kennysheep_orc_monster_closet_entryway, minivault_28
D:13:     minmay_gate_of_8, layout_rooms, minmay_st_funbox, tgw_lugonu_bribe,
          uniq_maurice
D:14:     layout_irregular_city, david_vaults_1, serial_bayou_pond_a,
          kennysheep_generic_room_14
D:15:     grunt_enter_depths_snipers, layout_gridville, minmay_misc_feat_tiny,
          tgw_trog
Temple:   kb_corrupted_temple

Skill      XL: |  1  2  3  4  5  6  7  8  9 10 11 12 13 14 |
---------------+-------------------------------------------+-----
Fighting       | 4 5 7 9 11 13 15 16 18 | 18.3
Armour         | 4 5 6 7 9 10 11 13 14 15 | 15.0
Shields        | 4 5 6 7 8 10 11 13 15 16 | 16.4
Long Blades    | 3 4 5 6 7 9 11 12 14 15 16 | 16.8

Action                   |  1- 3 |  4- 6 |  7- 9 | 10-12 | 13-15 || total
-------------------------+-------+-------+-------+-------+-------++-------
Melee: Long sword        |    78 |    99 |   188 |   502 |    73 ||   940
       Headbutt          |    15 |    18 |    53 |   155 |   191 ||   432
       Double sword      |       |       |       |       |   423 ||   423
       Scimitar          |       |       |       |       |    13 ||    13
Evoke: Wand              |       |       |       |       |     1 ||     1
  Use: Scroll            |     3 |     5 |     7 |    12 |     9 ||    36
       Potion            |       |       |     2 |     8 |     5 ||    15
 Stab: Distracted        |       |       |     1 |     1 |     3 ||     5
       Petrified         |       |       |       |       |     5 ||     5
Armor: Scale mail        |    55 |    35 |    64 |       |       ||   154
       Skin              |       |     2 |       |       |       ||     2
       Chain mail        |       |       |       |   235 |   201 ||   436
Dodge: Dodged            |    45 |    24 |    47 |   162 |   147 ||   425
Block: Kite shield       |    56 |    60 |    89 |   390 |   411 ||  1006
       Rpst.: Long sword |    13 |     6 |     8 |    25 |     2 ||    54
       Double sword      |       |       |       |       |    20 ||    20

Table legend: (Time is in decaauts)
 A = Elapsed time spent in this place.
 B = Non-inter-level travel time spent in this place.
 C = Inter-level travel time spent in this place.
 D = Time resting spent in this place.
 E = Time spent auto-exploring this place.
 F = Levels seen in this place.
 G = Mean time per level.
                   A        B        C        D        E       F      G
               +--------+--------+--------+--------+--------+-----+--------+
         Total |  26502 |  26271 |    231 |  11277 |   7432 |  16 | 1656.4 |
       Dungeon |  26366 |  26163 |    203 |  11277 |   7335 |  15 | 1757.7 |
        Temple |    135 |    107 |     28 |      0 |     97 |   1 |  135.0 |
               +--------+--------+--------+--------+--------+-----+--------+

Top non-repeatable levels by time:
    D:14: 4138 daAuts
    D:12: 3278 daAuts
     D:8: 3263 daAuts
    D:13: 1792 daAuts
    D:15: 1770 daAuts
    D:11: 1735 daAuts
    D:10: 1713 daAuts
     D:5: 1543 daAuts
     D:7: 1485 daAuts
     D:9: 1241 daAuts
     D:6: 1188 daAuts
     D:4: 1095 daAuts
     D:3: 817 daAuts
     D:2: 723 daAuts
     D:1: 579 daAuts
